PIO (24 & UNDER)
SEATTLE RAINIERS @ JASPER COUGARS
06/09/2023
 
TOP OF THE 1ST
Seattle Rainiers batting - Pitching for Jasper Cougars : RHP Tsugahara Suzuki
Pitching: RHP Tsugahara Suzuki
Batting: RHB Aaron Holt 0-0: Called Strike
0-1: Swinging Strike
0-2: Ball
1-2: Foul Ball, location: 2F
1-2: Strikes out looking
Batting: RHB Pedro Rodríguez 0-0: Ball
1-0: Called Strike
1-1: Swinging Strike
1-2: Strikes out swinging
Batting: LHB Brian Boone 0-0: Ball
1-0: Foul Ball, location: 2F
1-1: Called Strike
1-2: Strikes out swinging
Top of the 1st over - 0 run(s), 0 hit(s), 0 error(s), 0 left on base; Seattle 0 - Jasper 0
BOTTOM OF THE 1ST
Jasper Cougars batting - Pitching for Seattle Rainiers : RHP Beau Murphy
Pitching: RHP Beau Murphy
Batting: LHB Jon Scott 0-0: Fly out, F8 (Flyball, 8LM)
Batting: RHB Manuel Pérez 0-0: Foul Ball, location: 2F
0-1: Called Strike
0-2: Foul Ball, location: 2F
0-2: Ball
1-2: SINGLE (Flyball, 6MD)
Batting: RHB Juan Vázquez 0-0: Ball
1-0: Ball
2-0: Swinging Strike
2-1: Called Strike
2-2: Strikes out swinging
Batting: SHB Ron Edwards 0-0: Foul Ball, location: 2F
0-1: Ball
1-1: Fly out, F9 (Flyball, 9LD)
Bottom of the 1st over - 0 run(s), 1 hit(s), 0 error(s), 1 left on base; Seattle 0 - Jasper 0
TOP OF THE 2ND
Seattle Rainiers batting - Pitching for Jasper Cougars : RHP Tsugahara Suzuki
Batting: RHB Chris Parker 0-0: Ball
1-0: Ball
2-0: Ball
3-0: Base on Balls
Batting: LHB Norbert Mosley Pickoff Throw to First - Error! E1
Chris Parker to second
0-0: Ball
1-0: Ball
2-0: SINGLE (Groundball, 25) (infield hit)
Chris Parker to third
Batting: LHB Tom Baker 0-0: Ball
1-0: Called Strike
1-1: Ball
2-1: Ball
3-1: Foul Ball, location: 2F
3-2: Base on Balls
Norbert Mosley to second
Batting: RHB José Gómez 0-0: Ball
1-0: Ball
2-0: Called Strike
2-1: Fly out, F3 (Popup, 3F)
Batting: SHB Francisco Lópes 0-0: Ball
1-0: Called Strike
1-1: Swinging Strike
1-2: Ball
2-2: Ball
3-2: Foul Ball, location: 2F
3-2: Foul Ball, location: 2F
3-2: Strikes out swinging
Batting: RHB Bill Dawson 0-0: Foul Ball, location: 2F
0-1: Ball
1-1: Ball
2-1: Ball
3-1: Swinging Strike
3-2: Foul Ball, location: 2F
3-2: Foul Ball, location: 2F
3-2: Foul Ball, location: 2F
3-2: Base on Balls
Chris Parker scores
Norbert Mosley to third
Tom Baker to second
Batting: RHB Aaron Holt 0-0: Ball
1-0: Ball
2-0: Called Strike
2-1: Called Strike
2-2: DOUBLE (Flyball, 78M)
Norbert Mosley scores
Tom Baker scores
Bill Dawson to third
Runner from 3rd tries for Home, SAFE, no throw or cutoff
Batting: RHB Pedro Rodríguez 0-0: Fly out, F4 (Line Drive, 4)
Top of the 2nd over - 4 run(s), 2 hit(s), 1 error(s), 1 left on base; Seattle 4 - Jasper 0
BOTTOM OF THE 2ND
Jasper Cougars batting - Pitching for Seattle Rainiers : RHP Beau Murphy
Batting: LHB Enrique Valentín 0-0: Ball
1-0: SINGLE (Line Drive, 9LS)
Batting: RHB Dan Hooper 0-0: SINGLE (Groundball, 56D)
Enrique Valentín to second
Batting: RHB Dave Parker 0-0: Ball
1-0: Ball
2-0: Called Strike
2-1: Called Strike
2-2: Grounds into double play, U5-3 (Groundball, 5L)
Dan Hooper to second
Batting: LHB Pepe Vázquez 0-0: Ball
1-0: Ground out U3 (Groundball, 3)
Bottom of the 2nd over - 0 run(s), 2 hit(s), 0 error(s), 1 left on base; Seattle 4 - Jasper 0
TOP OF THE 3RD
Seattle Rainiers batting - Pitching for Jasper Cougars : RHP Tsugahara Suzuki
Batting: LHB Brian Boone 0-0: Foul Ball, location: 2F
0-1: Ball
1-1: Fly out, F5 (Line Drive, 5)
Batting: RHB Chris Parker 0-0: Swinging Strike
0-1: Ball
1-1: Ball
2-1: Swinging Strike
2-2: Ball
3-2: DOUBLE (Line Drive, 78M)
Batting: LHB Norbert Mosley 0-0: Called Strike
0-1: Ball
1-1: Fly out, F7 (Flyball, 78XD)
Runner from 2nd tags up, SAFE at 3rd, no throw
Batting: LHB Tom Baker 0-0: Called Strike
0-1: Fly out, F8 (Flyball, 8RM)
Top of the 3rd over - 0 run(s), 1 hit(s), 0 error(s), 1 left on base; Seattle 4 - Jasper 0
BOTTOM OF THE 3RD
Jasper Cougars batting - Pitching for Seattle Rainiers : RHP Beau Murphy
Batting: RHB Greg King 0-0: Swinging Strike
0-1: Ball
1-1: Swinging Strike
1-2: Strikes out looking
Batting: LHB Jon Scott 0-0: Called Strike
0-1: Ground out 4-3 (Groundball, 4S)
Batting: RHB Manuel Pérez 0-0: Ball
1-0: Ball
2-0: Ball
3-0: Base on Balls
Batting: RHB Juan Vázquez 0-0: Swinging Strike
0-1: Ball
1-1: Ground out 1-3 (Groundball, 25)
Bottom of the 3rd over - 0 run(s), 0 hit(s), 0 error(s), 1 left on base; Seattle 4 - Jasper 0
TOP OF THE 4TH
Seattle Rainiers batting - Pitching for Jasper Cougars : RHP Tsugahara Suzuki
Batting: RHB José Gómez 0-0: SINGLE (Line Drive, 4D)
Batting: SHB Francisco Lópes 0-0: Ball
Wild Pitch!
José Gómez to second
1-0: Foul Ball, location: 2F
1-1: Fly out, F9 (Flyball, 89M)
Batting: RHB Bill Dawson 0-0: Called Strike
0-1: Called Strike
0-2: Strikes out swinging
Batting: RHB Aaron Holt 0-0: Called Strike
0-1: Ground out 6-3 (Groundball, 6M)
Top of the 4th over - 0 run(s), 1 hit(s), 0 error(s), 1 left on base; Seattle 4 - Jasper 0
BOTTOM OF THE 4TH
Jasper Cougars batting - Pitching for Seattle Rainiers : RHP Beau Murphy
Batting: SHB Ron Edwards 0-0: Called Strike
0-1: Foul Ball, location: 2F
0-2: Strikes out swinging
Batting: LHB Enrique Valentín 0-0: Ball
1-0: Called Strike
1-1: Fly out, F7 (Flyball, 7LM)
Batting: RHB Dan Hooper 0-0: Ball
1-0: Ball
2-0: Called Strike
2-1: Foul Ball, location: 2F
2-2: Strikes out swinging
Bottom of the 4th over - 0 run(s), 0 hit(s), 0 error(s), 0 left on base; Seattle 4 - Jasper 0
TOP OF THE 5TH
Seattle Rainiers batting - Pitching for Jasper Cougars : RHP Tsugahara Suzuki
Batting: RHB Pedro Rodríguez 0-0: Foul Ball, location: 2F
0-1: Ball
1-1: Fly out, F9 (Line Drive, 89S)
Batting: LHB Brian Boone 0-0: Ball
1-0: Fly out, F7 (Line Drive, 7M)
Batting: RHB Chris Parker 0-0: Called Strike
0-1: Foul Ball, location: 2F
0-2: Foul Ball, location: 2F
0-2: Ball
1-2: Ball
2-2: Fly out, F8 (Line Drive, 8RM)
Top of the 5th over - 0 run(s), 0 hit(s), 0 error(s), 0 left on base; Seattle 4 - Jasper 0
BOTTOM OF THE 5TH
Jasper Cougars batting - Pitching for Seattle Rainiers : RHP Beau Murphy
Batting: RHB Dave Parker 0-0: Called Strike
0-1: Ball
1-1: Swinging Strike
1-2: Foul Ball, location: 2F
1-2: Ball
2-2: SINGLE (Line Drive, 34D)
Batting: LHB Pepe Vázquez 0-0: Called Strike
0-1: DOUBLE (Line Drive, 3)
Dave Parker to third
Batting: RHB Greg King 0-0: Ball
1-0: Called Strike
1-1: Ground out 1-3 (Groundball, 13)
Batting: LHB Jon Scott 0-0: Called Strike
0-1: Swinging Strike
0-2: Ball
1-2: Ball
2-2: Ground out 6-3 (Groundball, 6)
Dave Parker scores
Pepe Vázquez to third
Batting: RHB Manuel Pérez 0-0: Ground out 6-3 (Groundball, 6M)
Bottom of the 5th over - 1 run(s), 2 hit(s), 0 error(s), 1 left on base; Seattle 4 - Jasper 1
TOP OF THE 6TH
Seattle Rainiers batting - Pitching for Jasper Cougars : RHP Tsugahara Suzuki
Pitching: LHP Javier Galeas
Batting: LHB Norbert Mosley 0-0: Ball
1-0: Foul Ball, location: 2F
1-1: Foul Ball, location: 2F
1-2: Ball
2-2: DOUBLE (Line Drive, 89M)
Batting: LHB Tom Baker 0-0: Fly out, F4 (Line Drive, 4M)
Batting: RHB José Gómez 0-0: Intentional Walk
Batting: SHB Francisco Lópes 0-0: Called Strike
0-1: Foul Ball, location: 2F
0-2: Strikes out looking
Batting: RHB Bill Dawson 0-0: Ball
1-0: Fly out, F9 (Flyball, 89M)
Top of the 6th over - 0 run(s), 1 hit(s), 0 error(s), 2 left on base; Seattle 4 - Jasper 1
BOTTOM OF THE 6TH
Jasper Cougars batting - Pitching for Seattle Rainiers : RHP Beau Murphy
Batting: RHB Juan Vázquez 0-0: Foul Ball, location: 2F
0-1: Ball
1-1: Ball
2-1: Ball
3-1: Called Strike
3-2: Base on Balls
Batting: SHB Ron Edwards 0-0: Called Strike
0-1: Ball
1-1: Ball
2-1: Fielders Choice at 2nd, 4-6 (Groundball, 4M)
Batting: LHB Enrique Valentín 0-0: Ball
1-0: Fly out, F4 (Popup, 4MD)
Batting: RHB Dan Hooper 0-0: Called Strike
0-1: Ball
1-1: Foul Ball, location: 2F
1-2: Foul Ball, location: 2F
1-2: Fielders Choice at 2nd, U4 (Groundball, 4M)
Bottom of the 6th over - 0 run(s), 0 hit(s), 0 error(s), 1 left on base; Seattle 4 - Jasper 1
TOP OF THE 7TH
Seattle Rainiers batting - Pitching for Jasper Cougars : LHP Javier Galeas
Batting: RHB Aaron Holt 0-0: Ball
1-0: Called Strike
1-1: Ball
2-1: Ball
3-1: Called Strike
3-2: Base on Balls
Batting: RHB Pedro Rodríguez 0-0: Sac Bunt - play at first, batter OUT! 2-4
Aaron Holt to second
Batting: LHB Brian Boone 0-0: Ground out 4-3 (Groundball, 34)
Aaron Holt to third
Batting: RHB Chris Parker 0-0: Called Strike
0-1: Ball
1-1: Ball
2-1: Ball
3-1: Base on Balls
Batting: LHB Norbert Mosley 0-0: Ball
1-0: Fly out, F3 (Line Drive, 3)
Top of the 7th over - 0 run(s), 0 hit(s), 0 error(s), 2 left on base; Seattle 4 - Jasper 1
BOTTOM OF THE 7TH
Jasper Cougars batting - Pitching for Seattle Rainiers : RHP Beau Murphy
Batting: RHB Dave Parker 0-0: Swinging Strike
0-1: SINGLE (Line Drive, 8LS)
Batting: LHB Pepe Vázquez 0-0: Ball
1-0: Ball
2-0: Called Strike
2-1: Grounds into double play, 6-4-3 (Groundball, 6)
Batting: RHB Greg King 0-0: Ground out 5-3 (Groundball, 5L)
Bottom of the 7th over - 0 run(s), 1 hit(s), 0 error(s), 0 left on base; Seattle 4 - Jasper 1
TOP OF THE 8TH
Seattle Rainiers batting - Pitching for Jasper Cougars : LHP Javier Galeas
Batting: LHB Tom Baker 0-0: Foul Ball, location: 2F
0-1: Ground out 6-3 (Groundball, 6M)
Pitching: LHP Júlio Aguilar
Batting: RHB José Gómez 0-0: Foul Ball, location: 2F
0-1: Ball
1-1: Ground out 4-3 (Groundball, 13)
Batting: SHB Francisco Lópes 0-0: Ball
1-0: Ball
2-0: Called Strike
2-1: Ground out 6-3 (Groundball, 6)
Top of the 8th over - 0 run(s), 0 hit(s), 0 error(s), 0 left on base; Seattle 4 - Jasper 1
BOTTOM OF THE 8TH
Jasper Cougars batting - Pitching for Seattle Rainiers : RHP Beau Murphy
Pitching: LHP Jeff Stevenson
Batting: LHB Jon Scott 0-0: Called Strike
0-1: Ball
1-1: Ball
2-1: Bunt missed!
2-2: Ball
3-2: Foul Ball, location: 2F
3-2: Foul Ball, location: 2F
3-2: Fly out, F7 (Line Drive, 7S)
Batting: RHB Manuel Pérez 0-0: Ball
1-0: Called Strike
1-1: Foul Ball, location: 2F
1-2: Ball
2-2: Foul Ball, location: 2F
2-2: Strikes out swinging
Batting: RHB Juan Vázquez 0-0: Called Strike
0-1: Called Strike
0-2: Strikes out swinging
Bottom of the 8th over - 0 run(s), 0 hit(s), 0 error(s), 0 left on base; Seattle 4 - Jasper 1
TOP OF THE 9TH
Seattle Rainiers batting - Pitching for Jasper Cougars : LHP Júlio Aguilar
Batting: RHB Bill Dawson 0-0: Foul Ball, location: 2F
0-1: Called Strike
0-2: Ball
1-2: Foul Ball, location: 2F
1-2: Ball
2-2: Foul Ball, location: 2F
2-2: Ball
3-2: Base on Balls
Batting: RHB Aaron Holt 0-0: Sac Bunt - play at first, batter OUT! 1-4
Bill Dawson to second
Batting: RHB Pedro Rodríguez 0-0: Intentional Walk
Batting: LHB Brian Boone 0-0: SINGLE (Line Drive, 34)
Bill Dawson to third
Pedro Rodríguez to second
Runner from 3rd tries for Home, SAFE, no throw or cutoff
Batting: RHB Chris Parker 0-0: Ground out 5-3 (Groundball, 56S)
Pedro Rodríguez to third
Brian Boone to second
Batting: LHB Norbert Mosley 0-0: Ball
1-0: Ball
2-0: Foul Ball, location: 2F
2-1: Called Strike
2-2: Fly out, F7 (Flyball, 7D)
Top of the 9th over - 1 run(s), 1 hit(s), 0 error(s), 2 left on base; Seattle 5 - Jasper 1
BOTTOM OF THE 9TH
Jasper Cougars batting - Pitching for Seattle Rainiers : LHP Jeff Stevenson
Batting: SHB Ron Edwards 0-0: Ball
1-0: Foul Ball, location: 2F
1-1: Foul Ball, location: 2F
1-2: Ball
2-2: Ball
3-2: Foul Ball, location: 2F
3-2: Foul Ball, location: 2F
3-2: SINGLE (Groundball, 56D)
Batting: LHB Enrique Valentín 0-0: Ball
1-0: Grounds into double play, 4-6-3 (Groundball, 4)
Batting: RHB Dan Hooper 0-0: Ball
1-0: Ball
2-0: Called Strike
2-1: Swinging Strike
2-2: Foul Ball, location: 2F
2-2: Ball
3-2: Foul Ball, location: 2F
3-2: Base on Balls
Pitching: RHP Edward Hastings
Batting: RHB Dave Parker 0-0: Ball
1-0: Ball
2-0: Called Strike
2-1: Ball
3-1: Called Strike
3-2: Base on Balls
Dan Hooper to second
Pitching: RHP Jorge Chávez
Batting: LHB Pepe Vázquez 0-0: Ball
1-0: Called Strike
1-1: DOUBLE (Line Drive, 9LM)
Dan Hooper scores
Dave Parker to third
Batting: RHB Greg King 0-0: Called Strike
0-1: Foul Ball, location: 2F
0-2: Ball
1-2: Foul Ball, location: 2F
1-2: Strikes out swinging
Bottom of the 9th over - 1 run(s), 2 hit(s), 0 error(s), 2 left on base; Seattle 5 - Jasper 2
This league is powered by Out of the Park Baseball, the baseball management simulation game for PC, Mac and Linux
Wednesday, December 2nd, 2015 - OOTP Baseball 16.8 Build 38